 Dungeon Crawl Stone Soup version 0.29-a0-40-g8eb35efe60 (webtiles) character file.

Game seed: 11633964290423692702

111 horus123 the Conjurer (level 4, -5/24 HPs)
             Began as a Deep Elf Conjurer on Feb 1, 2022.
             Killed from afar by an orc wizard (7 damage)
             ... with a magic dart
             ... on level 3 of the Dungeon.
             The game lasted 00:04:46 (2694 turns).

horus123 the Conjurer (Deep Elf Conjurer)           Turns: 2694, Time: 00:04:47

Health: -5/24      AC:  3    Str:  4    XL:     4   Next: 62%
Magic:  0/12       EV: 12    Int: 25    God:
Gold:   125        SH:  0    Dex: 13    Spells: 4/11 levels left

rFire   . . .      SeeInvis .   d - +0 short sword
rCold   . . .      Faith    .   (no shield)
rNeg    + . .      Spirit   .   a - +0 robe
rPois   .          Reflect  .   e - +1 hat
rElec   .          Harm     .   (no cloak)
rCorr   .          Rampage  .   (no gloves)
Will    .....                   (no boots)
Stlth   ++........              (no amulet)
HPRegen 0.08/turn               h - ring of positive energy
MPRegen 0.13/turn               (no ring)

@: no status effects
A: no striking features
a: no special abilities


You were on level 3 of the Dungeon.
You visited 1 branch of the dungeon, and saw 3 of its levels.

You collected 125 gold pieces.

Inventory:

Hand Weapons
 d - a +0 short sword (weapon)
Armour
 a - a +0 robe (worn)
 e - a +1 hat (worn)
Jewellery
 h - a ring of positive energy (left hand)
Scrolls
 b - 2 scrolls of teleportation
 g - a scroll of identify {unknown}
Potions
 f - a potion of lignification {unknown}


   Skills:
 - Level 2.4 Dodging
 - Level 2.4 Stealth
 - Level 4.0 Spellcasting
 - Level 6.0 Conjurations
 + Level 1.9 Hexes


You had 4 spell levels left.
You knew the following spells:

 Your Spells              Type           Power      Damage    Failure   Level
a - Magic Dart            Conj           100%       1d8       1%          1
b - Searing Ray           Conj           70%        2d7       1%          2
c - Fulminant Prism       Conj/Hex       12%        3d9       19%         4

Your spell library contained the following spells:

 Spells                   Type           Power      Damage    Failure   Level
 Dazzling Flash           Conj/Hex       48%        N/A       5%          3
 Animate Skeleton         Necr           10%        N/A       9%          1
 Pain                     Necr           20%        1d5       9%          1
 Vampiric Draining        Necr           5%         2d6       26%         3
 Iskenderun's Mystic Bla  Conj/Tloc      20%        2d6       26%         4


Dungeon Overview and Level Annotations

Branches:
Dungeon (3/15)

Altars:

Shops:
D:2 !


Message History

You hear some strange, mumbled words.
A magic dart appears from out of thin air!
The magic dart hits you.
Aiming: Magic Dart (safe; 1% risk of failure)
Press: ? - help, Q - select action, (/) - cycle Shift-Dir - straight line The magic dart hits something but does no damage.
Something hits you.
Aiming: Magic Dart (safe; 1% risk of failure)
Press: ? - help, Q - select action, (/) - cycle Shift-Dir - straight line The magic dart hits something.
You hear some strange, mumbled words.
A puff of flame appears from out of thin air!
The puff of flame hits you!
* * * LOW HITPOINT WARNING * * *
It was a potion of curing.
You feel better. Something hits you.
Aiming: Magic Dart (safe; 1% risk of failure)
Press: ? - help, Q - select action, (/) - cycle Shift-Dir - straight line The magic dart hits something.
Something hits you but does no damage.
Aiming: Magic Dart (safe; 1% risk of failure)
Press: ? - help, Q - select action, (/) - cycle Shift-Dir - straight line The magic dart hits something but does no damage.
Something hits you but does no damage.
Aiming: Magic Dart (safe; 1% risk of failure)
Press: ? - help, Q - select action, (/) - cycle Shift-Dir - straight line The magic dart hits something.
Something hits you but does no damage.
You don't have enough magic to cast this spell.
You miss something. Something hits you.
Unknown command.
You closely miss something.
You hear some strange, mumbled words.
A puff of flame appears from out of thin air!
The puff of flame hits you.
* * * LOW HITPOINT WARNING * * *
An orc wizard appears from thin air!
Reactivating autopickup.
The orc wizard casts a spell at you. The magic dart hits you!
You die...

..........#.#.......
.....[#.............
...........>........
##..................
..............#.....
..#.....#).##.....
##
#.##..........#.##
#..#.##)...........#
#.@.o...........###
#...####.........#..
.>...#.#
#...........#
##.....#
##.........###
#....####..........#
#....###<..........#
#........#.........#
#....#####.........#
#.. ###########


You could see an orc wizard.

Vanquished Creatures
  2 adders (D:2)
  A worm (D:2)
  2 dart slugs (D:1)
  4 orcs (D:3)
  4 endoplasms
  4 giant cockroaches
  5 hobgoblins
  8 jackals
  7 kobolds
  3 quokkas (D:2)
  5 ball pythons (D:1)
  10 bats
  5 frilled lizards
  9 goblins
  6 rats
75 creatures vanquished.

Notes
Turn   | Place    | Note
-------+----------+-------------------------------------------
     0 | D:1      | horus123 the Deep Elf Conjurer began the quest for the Orb.
     0 | D:1      | Reached XP level 1. HP: 10/10 MP: 6/6
   185 | D:1      | Reached XP level 2. HP: 15/15 MP: 6/9
   609 | D:1      | Reached skill level 5 in Conjurations
   628 | D:1      | Reached XP level 3. HP: 12/19 MP: 1/10
   724 | D:1      | Learned a level 2 spell: Searing Ray
  1663 | D:2      | You fall into a shaft and drop 1 floor!
  1677 | D:3      | Reached XP level 4. HP: 24/24 MP: 8/12
  1682 | D:3      | Learned a level 4 spell: Fulminant Prism
  1726 | D:2      | Found Datt's Distillery.
  2039 | D:2      | Reached skill level 6 in Conjurations
  2306 | D:2      | Reached skill level 1 in Hexes
  2694 | D:3      | Killed from afar by an orc wizard

Illustrated notes

Levels and vault maps discovered:
D:1:      dpeg_arrival_round_a, layout_rooms, st_stairs_5, columned_hall_lemuel,
          serial_bayou_pond_b, chequers_serial_rivers_micro_e
D:2:      minmay_inner_zag, layout_basic, serial_shops, nicolae_lakefront_shop,
          palyth_stone_intersect, grunt_decor_junction
D:3:      layout_rooms, ebering_ecumenical_altar_box

Skill      XL: |  1  2  3  4 |
---------------+-------------+-----
Spellcasting   | 4 |  4.0
Conjurations   | 5 6 |  6.0
Hexes          | 1 |  1.9
Dodging        | |  2.4
Stealth        | |  2.4

Action                   |  1- 3 |  4- 6 || total
-------------------------+-------+-------++-------
Melee: Short sword       |       |    10 ||    10
 Cast: Magic Dart        |   106 |    49 ||   155
       Searing Ray       |       |     1 ||     1
  Use: Scroll            |     1 |       ||     1
       Potion            |       |     1 ||     1
Armor: Robe              |     4 |    10 ||    14
Dodge: Dodged            |    15 |     6 ||    21

Table legend: (Time is in decaauts)
 A = Elapsed time spent in this place.
 B = Non-inter-level travel time spent in this place.
 C = Inter-level travel time spent in this place.
 D = Time resting spent in this place.
 E = Time spent auto-exploring this place.
 F = Levels seen in this place.
 G = Mean time per level.
                   A        B        C        D        E       F      G
               +--------+--------+--------+--------+--------+-----+--------+
         Total |   2698 |   2638 |     60 |    338 |   1954 |   3 |  899.3 |
       Dungeon |   2698 |   2638 |     60 |    338 |   1954 |   3 |  899.3 |
               +--------+--------+--------+--------+--------+-----+--------+

Top non-repeatable levels by time:
     D:1: 1343 daAuts
     D:2: 1236 daAuts
     D:3: 119 daAuts
